 Dungeon Crawl Stone Soup version 0.32-a0-876-gcfddb08e57 (webtiles) character file.

Game seed: 18197065385853487860

3764 smashvw the Geomancer (level 10, -2/50 HPs)
             Began as a Gargoyle Earth Elementalist on Apr 2, 2024.
             Slain by an orc warrior
             ... wielding a +0 trident
              (10 damage)
             ... on level 8 of the Dungeon.
             The game lasted 00:19:27 (7738 turns).

smashvw the Geomancer (Gargoyle Earth Elementalist) Turns: 7738, Time: 00:19:28

Health: -2/50      AC: 13    Str: 12    XL:     10   Next: 15%
Magic:  4/20       EV: 11    Int: 20    God:
Gold:   485        SH:  0    Dex: 16    Spells: 15/23 levels left

rFire   . . .        (no weapon)
rCold   . . .        (no shield)
rNeg    + . .        a - +0 robe
rPois   ∞            (no helmet)
rElec   +            B - +0 cloak
rCorr   .            (no gloves)
SInv    .            y - +2 pair of boots
Will    .....        v - amulet of regeneration
Stlth   ++           m - +6 ring of dexterity
HPRegen 1.08/turn    (no ring)
MPRegen 0.17/turn

%: no passive effects
@: no status effects
A: sickness immunity, AC +7, negative energy resistance 1, electricity
resistance, torment resistance 1, petrification resistance
a: no special abilities


You were on level 8 of the Dungeon.
You visited 2 branches of the dungeon, and saw 9 of its levels.
You also visited: Sewer.

You collected 485 gold pieces.

Inventory:

Missiles
 e - a throwing net
Armour
 a - a +0 robe (worn)
 x - a +2 tower shield
 y - a +2 pair of boots (worn)
 B - a +0 cloak (worn)
Jewellery
 m - a +6 ring of dexterity (left hand)
 o - a ring of protection from cold
 v - an amulet of regeneration (around neck)
Wands
 A - a wand of iceblast (9)
 E - a wand of charming (16)
Scrolls
 d - 2 scrolls of fog {unknown}
 h - 3 scrolls of poison {unknown}
 i - a scroll of fear {unknown}
 k - 2 scrolls of amnesia
 l - 2 scrolls of vulnerability {unknown}
 n - 4 scrolls of teleportation
 r - 2 scrolls of enchant weapon {unknown}
 s - 3 scrolls of blinking {unknown}
 t - 3 scrolls of torment {unknown}
 w - 4 scrolls of identify {unknown}
 C - 2 scrolls of enchant armour {unknown}
Potions
 b - 2 potions of magic
 c - 4 potions of curing {unknown}
 f - 4 potions of degeneration {unknown}
 g - a potion of ambrosia {unknown}
 j - a potion of lignification {unknown}
 p - a potion of haste {unknown}
 q - a potion of cancellation {unknown}
 u - a potion of brilliance {unknown}
 z - a potion of attraction {unknown}
 D - 2 potions of berserk rage {unknown}


   Skills:
 - Level 1.5 Dodging
 - Level 2.1 Stealth
 + Level 7.1 Spellcasting
 + Level 8.2 Conjurations
 + Level 9.6 Earth Magic
 - Level 5.0 Alchemy


You had 15 spell levels left.
You knew the following spells:

 Your Spells              Type           Power      Damage    Failure   Level
a - Sandblast             Erth           90%        2d19      1%          1
b - Stone Arrow           Conj/Erth      84%        3d12      1%          3
c - Petrify               Alch/Erth      36%        N/A       4%          4

Your spell library contained the following spells:

 Spells                   Type           Power      Damage    Failure   Level
 Passwall                 Erth           45%        N/A       1%          3
 Brom's Barrelling Bould  Conj/Erth      42%        2d6       2%          4
 Mercury Vapours          Alch/Air       34%        N/A       4%          2
 Mephitic Cloud           Conj/Alch/Air  24%        N/A       4%          3
 Hailstorm                Conj/Ice       23%        3d7       5%          3
 Animate Armour           Summ/Erth      52%        N/A       13%         4
 Summon Ice Beast         Ice/Summ       7%         N/A       28%         3
 Volatile Blastmotes      Fire/Tloc      14%        2d11      28%         3
 Bombard                  Conj/Erth      21%        9d4       36%         6
 Freezing Cloud           Conj/Ice/Air   9%         6-21      63%         5
 Vhi's Electric Charge    Tloc/Air       14%        N/A       67%         4
 Permafrost Eruption      Ice/Erth       13%        2x4d4     89%         6
 Sculpt Simulacrum        Ice/Alch       8%         N/A       99%         6
 Lehudib's Crystal Spear  Conj/Erth      21%        10d6      100%        8


Dungeon Overview and Level Annotations

Branches:
Dungeon (8/15)             Temple (1/1) D:6            Lair (0/5) D:8
  Sewer (visited)

Altars:
Ashenzari
Cheibriados
Dithmenos
Elyvilon
Fedhas
Makhleb
Nemelex Xobeh
Okawaru
Qazlal
Ru
Uskayaw
Vehumet
Wu Jian
Xom
Yredelemnul
The Shining One

Shops:
D:1 *


Innate Abilities, Weirdness & Mutations

You are immune to sickness and miasma.
Your stone body is resilient. (AC +7)
You are immune to poison.
You resist negative energy. (rN+)
You are resistant to electric shocks. (rElec)
You are resistant to unholy torment.
You are immune to petrification.


Message History

Aiming: Sandblast (safe; 1% risk of failure)
Press: ? - help, Q - select action, (/) - cycle Shift-Dir - straight line, f/p - orc warrior
Aim: an orc warrior, wielding a +0 trident and wearing a +0 plate armour (85% to hit)
The blast of sand hits the wight.
The wight is moderately damaged.
The wight hits you with a +0 short sword.
* * * LOW HITPOINT WARNING * * *
The orc warrior barely misses you.
The orc warrior cheers loudly.
The orc warrior barely misses you.
The wight hits you with a +0 short sword.
* * * LOW HITPOINT WARNING * * *
Aiming: Sandblast (safe; 1% risk of failure)
Press: ? - help, Q - select action, (/) - cycle Shift-Dir - straight line, f/p - orc warrior
Aim: an orc warrior, wielding a +0 trident and wearing a +0 plate armour (85% to hit)
The blast of sand hits the wight!!
You destroy the wight!
The orc warrior hits you from afar with a +0 trident.
* * * LOW HITPOINT WARNING * * *
Aiming: Sandblast (safe; 1% risk of failure)
Press: ? - help, Q - select action, (/) - cycle Shift-Dir - straight line, f/p - orc warrior
Aim: an orc warrior, wielding a +0 trident and wearing a +0 plate armour (85% to hit)
The blast of sand hits the orc warrior.
The orc warrior is lightly wounded.
The orc warrior closely misses you.
The orc warrior hits you from afar with a +0 trident.
* * * LOW HITPOINT WARNING * * *
Aiming: Sandblast (safe; 1% risk of failure)
Press: ? - help, Q - select action, (/) - cycle Shift-Dir - straight line, f/p - orc warrior
Aim: an orc warrior, wielding a +0 trident and wearing a +0 plate armour (lightly wounded, 85% to hit)
The blast of sand hits the orc warrior.
The orc warrior is lightly wounded.
The orc warrior barely misses you.
Aiming: Sandblast (safe; 1% risk of failure)
Press: ? - help, Q - select action, (/) - cycle Shift-Dir - straight line, f/p - orc warrior
Aim: an orc warrior, wielding a +0 trident and wearing a +0 plate armour (lightly wounded, 85% to hit)
The blast of sand hits the orc warrior!
The orc warrior is heavily wounded.
The orc warrior hits you from afar with a +0 trident!
You die...

... ....... !...
..#... ....#####.#..
..P..P.....#
...P.......#
P.PP.......#
.P$......).#
...PP....o)##########
...PP...###@........#
.?....P...#.........#
...).P....#.........#
...Pz.....#......†..#
P>P......##...[.....#
...P...P..##+###'####
..P................#
P..PP..P...........#
.P.P.P.............#


You could see an orc warrior.

Vanquished Creatures
  Maurice (D:7)
  2 yaks (D:8)
  2 water moccasins (D:8)
  Duvessa (D:7)
  3 ice beasts
  3 black bears (D:8)
  2 orc warriors
  2 sky beasts (D:7)
  2 ogres
  A phantom (D:6)
  A bullfrog (D:8)
  A scorpion (D:6)
  2 wights (D:8)
  Dowan (D:7)
  4 killer bees (D:7)
  2 howler monkeys
  4 hounds
  2 jellies
  2 orc priests
  5 sleepcaps
  Terence (D:2)
  8 orc wizards
  7 iguanas
  A hell rat (Sewer)
  16 adders
  A gnoll (D:1)
  3 river rats (Sewer)
  2 white imps
  2 ufetubi (D:6)
  11 dart slugs
  2 ribbon worms
  28 orcs
  5 bats
  2 endoplasms
  6 giant cockroaches
  7 goblins
  2 hobgoblins
  7 jackals
  6 kobolds
  A quokka (D:5)
  3 ball pythons
  A frilled lizard (D:2)
  9 rats
174 creatures vanquished.

Notes
Turn   | Place    | Note
-------+----------+-------------------------------------------
     0 | D:1      | smashvw the Gargoyle Earth Elementalist began the quest for
                  | the Orb.
     0 | D:1      | Reached XP level 1. HP: 10/10 MP: 3/3
   174 | D:1      | Reached XP level 2. HP: 15/15 MP: 1/5
   344 | D:1      | Reached skill level 4 in Earth Magic
   543 | D:1      | Reached XP level 3. HP: 19/19 MP: 2/6
   627 | D:1      | Found Liasanog's Assorted Antiques.
  1119 | D:2      | Reached XP level 4. HP: 24/24 MP: 5/8
  1416 | D:2      | Noticed Terence
  1424 | D:2      | Killed Terence
  1901 | D:3      | Reached XP level 5. HP: 23/28 MP: 4/9
  2213 | D:3      | Found a glowing drain.
  2225 | D:3      | Reached skill level 5 in Earth Magic
  2307 | Sewer    | Entered a sewer
  2406 | Sewer    | HP: 1/28 [hell rat (10)]
  2646 | D:3      | Reached XP level 6. HP: 32/32 MP: 9/11
  2914 | D:3      | Learned a level 3 spell: Stone Arrow
  3723 | D:4      | Reached skill level 1 in Alchemy
  3837 | D:5      | Entered Level 5 of the Dungeon
  3848 | D:5      | Reached XP level 7. HP: 36/36 MP: 11/13
  4048 | D:5      | Reached skill level 6 in Earth Magic
  4535 | D:5      | Reached skill level 5 in Conjurations
  4806 | D:6      | Found a staircase to the Ecumenical Temple.
  4813 | D:6      | Reached XP level 8. HP: 41/41 MP: 11/15
  4827 | Temple   | Entered the Ecumenical Temple
  5083 | D:6      | Reached skill level 7 in Earth Magic
  5178 | D:6      | Reached skill level 5 in Spellcasting
  5408 | D:6      | Learned a level 4 spell: Petrify
  5714 | D:6      | Found an ornate altar of the Wu Jian Council.
  5920 | D:6      | Found a shadowy altar of Dithmenos.
  6265 | D:7      | Reached XP level 9. HP: 45/45 MP: 10/17
  6324 | D:7      | Reached skill level 8 in Earth Magic
  6852 | D:7      | Noticed Maurice
  6860 | D:7      | Killed Maurice
  6979 | D:7      | Noticed Duvessa
  6979 | D:7      | Noticed Dowan
  7242 | D:7      | Killed Duvessa
  7262 | D:7      | Killed Dowan
  7417 | D:8      | Found a radiant altar of Vehumet.
  7538 | D:8      | Found a staircase to the Lair.
  7561 | D:8      | Reached skill level 9 in Earth Magic
  7564 | D:8      | Reached skill level 5 in Alchemy
  7589 | D:8      | Reached XP level 10. HP: 36/50 MP: 0/20
  7738 | D:8      | Slain by an orc warrior

Illustrated notes

Levels and vault maps discovered:
D:1:      lightli_arrival_statue_moat, layout_basic, serial_shops, shop,
          dreamdust_wishing_well, nicolae_grassy_gnolls
D:2:      layout_loops_cross, serial_bayou, serial_bayou_ford_a,
          serial_bayou_pond_d, serial_bayou_lagoon_b, serial_bayou_pond_b,
          solitary_fountain, uniq_terence
D:3:      kennysheep_slugbush, layout_basic, gup_sewer_entry_glass,
          nicolae_hexahallways
D:4:      layout_rooms
D:5:      layout_rooms
D:6:      layout_basic, pdpol_wu_jian_five_deadly_venoms, kennysheep_mini,
          minmay_temple_entry_statues_fountains, grunt_decor_mini_mirrors,
          minmay_misc_feat_x, minmay_tree_intersection
D:7:      layout_loops_ring, uniq_duvessa, uniq_maurice
D:8:      minmay_four_partial_circles, layout_gridville, lemuel_crystal_altar,
          nicolae_overflow_hidden_temple, due_lair_maze_entry_diamond
Temple:   cyrus_circular_temple

Skill      XL: |  1  2  3  4  5  6  7  8  9 10 |
---------------+-------------------------------+-----
Earth Magic    | 4 5 6 7 9 |  9.6
Conjurations   | 2 3 4 5 6 7 8 |  8.2
Spellcasting   | 3 4 5 6 7 |  7.1
Alchemy        | 1 2 3 5 |  5.0
Dodging        | |  1.5
Stealth        | |  2.1

Action                     |  1- 3 |  4- 6 |  7- 9 | 10-12 || total
---------------------------+-------+-------+-------+-------++-------
  Melee: Unarmed           |    13 |     1 |    14 |       ||    28
   Cast: Sandblast         |    42 |    94 |   188 |    22 ||   346
         Stone Arrow       |       |     4 |    16 |       ||    20
         Petrify           |       |       |     6 |       ||     6
  Evoke: Wand              |       |       |     3 |       ||     3
    Use: Scroll            |       |       |     2 |       ||     2
   Stab: Petrified         |       |       |    10 |       ||    10
 Armour: Robe              |    12 |    38 |    98 |    36 ||   184
  Dodge: Dodged            |    13 |    42 |    69 |    17 ||   141

Table legend: (Time is in decaauts)
 A = Elapsed time spent in this place.
 B = Non-inter-level travel time spent in this place.
 C = Inter-level travel time spent in this place.
 D = Time resting spent in this place.
 E = Time spent auto-exploring this place.
 F = Levels seen in this place.
 G = Mean time per level.
                   A        B        C        D        E       F      G
               +--------+--------+--------+--------+--------+-----+--------+
         Total |   7958 |   7623 |    335 |    255 |   6155 |  10 |  795.8 |
       Dungeon |   7713 |   7378 |    335 |    147 |   6061 |   8 |  964.1 |
        Temple |      1 |      1 |      0 |      0 |      0 |   1 |    1.0 |
         Sewer |    243 |    243 |      0 |    108 |     94 |   1 |  243.0 |
               +--------+--------+--------+--------+--------+-----+--------+

Top non-repeatable levels by time:
     D:6: 1531 daAuts
     D:7: 1339 daAuts
     D:3: 1226 daAuts
     D:2: 1017 daAuts
     D:1: 929 daAuts
     D:5: 793 daAuts
     D:4: 536 daAuts
     D:8: 340 daAuts
   Sewer: 243 daAuts
  Temple: 1 daAuts
